 Dungeon Crawl Stone Soup version 0.31-a0-881-ge136f0c47a (webtiles) character file.

Game seed: 16897167387880159189

107 gruber the Digger (level 4, -2/24 HPs)
             Began as a Deep Elf Earth Elementalist on Oct 15, 2023.
             Slain by Crazy Yiuf
             ... wielding a +2 quarterstaff of chaos
              (4 damage)
             ... on level 2 of the Dungeon.
             The game lasted 00:01:55 (2012 turns).

gruber the Digger (Deep Elf Earth Elementalist)     Turns: 2012, Time: 00:01:55

Health: -2/24      AC:  4    Str:  5    XL:     4   Next: 57%
Magic:  8/10       EV: 12    Int: 22    God:
Gold:   109        SH:  0    Dex: 15    Spells: 5/9 levels left

rFire   . . .        (no weapon)
rCold   . . .        (no shield)
rNeg    . . .        a - +0 robe
rPois   .            (no helmet)
rElec   .            c - +0 cloak
rCorr   +            (no gloves)
SInv    .            d - +0 pair of boots
Will    .....        (no amulet)
Stlth   ++           e - ring of resist corrosion
HPRegen 0.24/turn    (no ring)
MPRegen 0.12/turn

%: no passive effects
@: no status effects
A: no striking features
a: no special abilities


You were on level 2 of the Dungeon.
You visited 1 branch of the dungeon, and saw 2 of its levels.

You collected 109 gold pieces.

Inventory:

Armour
 a - a +0 robe (worn)
 c - a +0 cloak (worn)
 d - a +0 pair of boots (worn)
 f - a +0 buckler
Jewellery
 e - a ring of resist corrosion (left hand)
Scrolls
 g - a scroll of enchant armour {unknown}
 h - a scroll of vulnerability {unknown}
 j - a scroll of enchant weapon {unknown}
Potions
 b - 2 potions of magic
 i - a potion of enlightenment {unknown}


   Skills:
 - Level 2.4 Dodging
 - Level 2.4 Stealth
 - Level 3.0 Spellcasting
 - Level 1.1 Transmutations
 + Level 6.0 Earth Magic


You had 5 spell levels left.
You knew the following spells:

 Your Spells              Type           Power      Damage    Failure   Level
a - Sandblast             Erth           58%        2d13      1%          1
b - Stone Arrow           Conj/Erth      32%        3d9       11%         3

Your spell library contained the following spells:

 Spells                   Type           Power      Damage    Failure   Level
 Passwall                 Tmut/Erth      15%        N/A       4%          2
 Petrify                  Tmut/Erth      18%        N/A       28%         4
 Brom's Barrelling Bould  Conj/Erth      16%        2d4       34%         4


Dungeon Overview and Level Annotations

Branches:
Dungeon (2/15)

Altars:

Annotations:
D:2 Crazy Yiuf


Message History

You now have 109 gold pieces (gained 10).
Things that are here:
a +0 short sword; a +0 scale mail
Found a stone staircase leading down.
Found an escape hatch in the floor.
Found 3 boomerangs.
You open the door.
There is an open door here.
As you open the door, it creaks loudly!
There is an open door here.
Found a hammer.
Found a hammer.
Found two hammers.
Found a runed translucent door.
You see here a +0 hammer.
Crazy Yiuf shouts!
You see here a +0 hammer.
Found a hammer.
You open the door.
Casting: Sandblast (safe; 1% risk of failure)
Confirm with . or Enter, or press ? or * to list all spells.
Aiming: Sandblast (safe; 1% risk of failure)
Press: ? - help, Shift-Dir - straight line, f - Crazy Yiuf
Aim: Crazy Yiuf, wielding a +2 quarterstaff of chaos and wearing a +0 cloak (85% to hit)
The blast of sand hits Crazy Yiuf but does no damage.
Crazy Yiuf grits, "You sing blue!"
Crazy Yiuf hits you with a +2 quarterstaff of chaos.
Crazy Yiuf freezes you.
Unknown command.
Casting: Sandblast (safe; 1% risk of failure)
Confirm with . or Enter, or press ? or * to list all spells.
Aiming: Sandblast (safe; 1% risk of failure)
Press: ? - help, Shift-Dir - straight line, f/p - Crazy Yiuf
Aim: Crazy Yiuf, wielding a +2 quarterstaff of chaos and wearing a +0 cloak (85% to hit)
The blast of sand hits Crazy Yiuf.
Crazy Yiuf is moderately wounded.
Crazy Yiuf hits you with a +2 quarterstaff of chaos!
Ouch! That really hurt!
* * * LOW HITPOINT WARNING * * *
Crazy Yiuf freezes you.
You die...

.........#
##..##
#...........
#+######...
#....#
#########.##
#...# #....#
#......##.##
...# ##..)#
######.##..#
##.##
#...... ##)#
######. #.##
#> ##)# ##
#@## #g# ...
#..)# #)..#
#####


You could see Crazy Yiuf.

Vanquished Creatures
  Jessica (D:2)
  Terence (D:2)
  An adder (D:2)
  A dart slug (D:1)
  3 bats (D:1)
  7 endoplasms
  3 giant cockroaches
  A goblin (D:1)
  6 hobgoblins
  3 jackals (D:1)
  A quokka (D:1)
  5 ball pythons
  5 kobolds
  7 rats
45 creatures vanquished.

Notes
Turn   | Place    | Note
-------+----------+-------------------------------------------
     0 | D:1      | gruber the Deep Elf Earth Elementalist began the quest for
                  | the Orb.
     0 | D:1      | Reached XP level 1. HP: 10/10 MP: 6/6
   155 | D:1      | Reached XP level 2. HP: 15/15 MP: 6/8
   157 | D:1      | Reached skill level 4 in Earth Magic
   806 | D:1      | Reached XP level 3. HP: 19/19 MP: 7/9
  1045 | D:1      | Learned a level 3 spell: Stone Arrow
  1358 | D:2      | Reached skill level 5 in Earth Magic
  1464 | D:2      | Noticed Jessica
  1466 | D:2      | Killed Jessica
  1467 | D:2      | Reached XP level 4. HP: 11/24 MP: 7/10
  1871 | D:2      | Noticed Terence
  1873 | D:2      | Killed Terence
  1874 | D:2      | Reached skill level 6 in Earth Magic
  2006 | D:2      | Found a runed translucent door.
  2007 | D:2      | Noticed Crazy Yiuf
  2012 | D:2      | Slain by Crazy Yiuf

Illustrated notes

Levels and vault maps discovered:
D:1:      amcnicky_arrival_single_pillar, layout_basic
D:2:      minmay_angry_zag, layout_basic, uniq_terence, uniq_crazy_yiuf_cottage,
          uniq_jessica

Skill      XL: |  1  2  3  4 |
---------------+-------------+-----
Earth Magic    | 4 5 6 |  6.0
Dodging        | |  2.4
Stealth        | |  2.4
Spellcasting   | |  3.0
Transmutations | |  1.1

Action                     |  1- 3 |  4- 6 || total
---------------------------+-------+-------++-------
   Cast: Sandblast         |    45 |     9 ||    54
 Armour: Robe              |     1 |     3 ||     4
  Dodge: Dodged            |     4 |     1 ||     5

Table legend: (Time is in decaauts)
 A = Elapsed time spent in this place.
 B = Non-inter-level travel time spent in this place.
 C = Inter-level travel time spent in this place.
 D = Time resting spent in this place.
 E = Time spent auto-exploring this place.
 F = Levels seen in this place.
 G = Mean time per level.
                   A        B        C        D        E       F      G
               +--------+--------+--------+--------+--------+-----+--------+
         Total |   2037 |   1987 |     50 |      0 |   1763 |   2 | 1018.5 |
       Dungeon |   2037 |   1987 |     50 |      0 |   1763 |   2 | 1018.5 |
               +--------+--------+--------+--------+--------+-----+--------+

Top non-repeatable levels by time:
     D:1: 1373 daAuts
     D:2: 664 daAuts
